 Dungeon Crawl Stone Soup version 0.28-a0-730-g892d06dc2c (webtiles) character file.

Game seed: 5836100503836190300

392 SmokeWeed the Covert (level 6, -3/41 HPs)
             Began as an Octopode Brigand on Oct 29, 2021.
             Slain by Menkaure (25 damage)
             ... on level 4 of the Dungeon.
             The game lasted 00:08:34 (3604 turns).

SmokeWeed the Covert (Octopode Brigand)             Turns: 3604, Time: 00:08:34

Health: -3/41      AC:  1    Str: 13    XL:     6   Next: 80%
Magic:  6/6        EV: 13    Int: 13    God:
Gold:   67         SH:  0    Dex: 13    Spells: 5/5 levels left

rFire   . . .      SeeInvis .   h - +2 dagger (flame)
rCold   . . .      Faith    .   (no shield)
rNeg    . . .      Spirit   .   (helmet restricted)
rPois   .          Reflect  .   (no amulet)
rElec   .          Harm     .   (no ring)
rCorr   .          Rampage  .   (no ring)
Will    .....                   (no ring)
Stlth   +++++.....              (no ring)
HPRegen 0.13/turn               (no ring)
MPRegen 0.10/turn               (no ring)
                                (no ring)
                                (no ring)

@: no status effects
A: almost no armour, amphibious, 8 rings, camouflage 1, gelatinous body 1,
(nimble swimmer 1), tentacles
a: no special abilities


You were on level 4 of the Dungeon.
You visited 1 branch of the dungeon, and saw 4 of its levels.

You collected 67 gold pieces.

Inventory:

Hand Weapons
 a - a +2 dagger
 h - a +2 dagger of flaming (weapon)
 v - a +1 vorpal hand axe
 w - a +2 dagger of distortion
 y - a +0 hunting sling
Missiles
 b - 7 poisoned darts (quivered)
 c - a curare-tipped dart
 z - 55 stones
Magical Staves
 n - a staff of conjuration
Scrolls
 e - a scroll of silence
 f - a scroll of amnesia
 i - 4 scrolls of identify {unknown}
 k - a scroll of holy word {unknown}
 p - a scroll of enchant armour {unknown}
 q - a scroll of vulnerability {unknown}
 t - 2 scrolls of torment {unknown}
Potions
 d - a potion of heal wounds {unknown}
 g - a potion of might {unknown}
 j - 2 potions of resistance {unknown}
 l - 2 potions of curing {unknown}
 m - 4 potions of cancellation {unknown}
 o - a potion of lignification {unknown}
 r - a potion of ambrosia {unknown}
 s - a potion of mutation {unknown}
 u - a potion of haste {unknown}
 x - a potion of degeneration {unknown}


   Skills:
 + Level 2.6 Fighting
 + Level 3.3 Short Blades
 + Level 3.0 Throwing
 + Level 1.7 Dodging
 + Level 9.1 Stealth


You had 5 spell levels left.
You didn't know any spells.
Your spell library contained the following spells:

 Spells                   Type           Power      Damage    Failure   Level
 Corpse Rot               Necr/Air       0%         N/A       43%         2
 Poisonous Vapours        Pois/Air       0%         N/A       43%         2


Dungeon Overview and Level Annotations

Branches:
Dungeon (4/15)
 Temple: D:4-7

Altars:
Ashenzari

Shops:
D:1 (

Annotations:
D:3 1 runed translucent door, OstrichLN's ghost, amateur TeAE
D:4 Menkaure


Innate Abilities, Weirdness & Mutations

You cannot wear most types of armour.
You are amphibious.
You can wear up to eight rings at the same time.
Your skin changes colour to match your surroundings (Stealth+).
Your rubbery body absorbs attacks. (AC +1, EV +1)
((You are camouflaged near water. (Stealth+)))
You have tentacles for arms and can constrict up to eight enemies at once.


Message History

z - 55 stones (gained 17)
There is an open door here.
You see here a +0 hunting sling.
t - 2 scrolls labelled ROD JOKHLOMNAUN (gained 1)
i - 4 scrolls labelled FIPPIUREC (gained 1)
A phantom comes into view.
Menkaure, Prince of Dust comes into view.
Menkaure shouts!
You hit the phantom but do no damage. You hit the phantom.
You burn the phantom.
The phantom is lightly damaged.
The phantom misses you.
You hit the phantom. You burn the phantom.
The phantom is lightly damaged.
The phantom closely misses you.
Menkaure casts a spell.
Menkaure seems to speed up.
You hit the phantom but do no damage.
The phantom is lightly damaged.
The phantom hits you.
The phantom blinks!
You blink.
Menkaure closely misses you. The phantom completely misses you.
The phantom hits you but does no damage.
You hit Menkaure. You burn Menkaure. Your grab misses Menkaure.
Menkaure is lightly damaged.
Menkaure hits you! The phantom barely misses you.
You hit Menkaure but do no damage. Your grab misses Menkaure.
Menkaure is lightly damaged.
Menkaure barely misses you.
You barely miss Menkaure. You grab Menkaure.
Menkaure is lightly damaged.
You constrict Menkaure. The phantom hits you. Menkaure barely misses you.
You hit Menkaure but do no damage.
Menkaure is moderately damaged.
You constrict Menkaure. Menkaure misses you. The phantom misses you.
You hit Menkaure. You burn Menkaure.
Menkaure is heavily damaged.
You constrict Menkaure, but do no damage.
Menkaure hits you!!
Ouch! That really hurt!
You die...

#..#≈≈≈).)...'..#
#.###≈≈..#...####
##############.# #≈≈..#####
...........)...###≈≈........
.......#####<.....≈≈≈.......
....... #......#≈≈≈≈≈≈≈≈≈
.......#####).....##≈≈≈≈≈≈≈≈
...........÷......##########
.......#...#....@.#
#...####.###...WM.#
..#..##..###......#
#..#.#...####### #......#..#
#...M####.# .# #.#..## #.#
..#. #...# #.# #.. #.#.###.#


You could see a phantom and Menkaure (fast).

Vanquished Creatures
  Sigmund (D:2)
  An orc priest (D:3)
  Terence (D:3)
  An iguana (D:3)
  An orc wizard (D:4)
  6 adders
  2 worms (D:2)
  3 dart slugs
  4 orcs
  3 bats
  3 endoplasms
  3 giant cockroaches
  9 goblins
  6 hobgoblins
  4 jackals
  7 kobolds
  8 ball pythons
  2 frilled lizards
  A rat (D:3)
66 creatures vanquished.

Notes
Turn   | Place    | Note
-------+----------+-------------------------------------------
     0 | D:1      | SmokeWeed the Octopode Brigand began the quest for the Orb.
     0 | D:1      | Reached XP level 1. HP: 14/14 MP: 1/1
   159 | D:1      | Reached XP level 2. HP: 11/19 MP: 2/2
   361 | D:1      | Found Nafass's Weapon Shop.
   391 | D:1      | Reached skill level 6 in Stealth
   605 | D:1      | Found a faded altar of an unknown god.
   756 | D:1      | Reached XP level 3. HP: 22/24 MP: 3/3
  1012 | D:2      | Noticed Sigmund
  1022 | D:2      | Killed Sigmund
  1023 | D:2      | Reached skill level 8 in Stealth
  1023 | D:2      | Reached XP level 4. HP: 13/30 MP: 4/4
  1023 | D:2      | Reached XP level 5. HP: 15/35 MP: 5/5
  1574 | D:2      | Found a broken altar of Ashenzari.
  2156 | D:2      | Reached XP level 6. HP: 41/41 MP: 6/6
  2821 | D:3      | Noticed OstrichLN's ghost (amateur TeAE)
  2822 | D:3      | Found a runed translucent door.
  2823 | D:3      | Found the +0 mask of the Dragon {Will+ Slay+3 SInv}
  2849 | D:3      | Noticed Terence
  2852 | D:3      | Killed Terence
  3198 | D:4      | Reached skill level 9 in Stealth
  3568 | D:4      | Noticed Menkaure
  3604 | D:4      | Slain by Menkaure

Illustrated notes

Levels and vault maps discovered:
D:1:      eino_arrival_tree_alley, layout_rooms, basic_ecumenical_altar,
          serial_shops, shop_fountains
D:2:      minmay_diamond_boxcup, layout_basic, basic_altar, uniq_sigmund
D:3:      layout_loops_ring, ebering_ghost_inner_flame,
          chequers_serial_rivers_small_a, uniq_terence
D:4:      kennysheep_goblin_castle, layout_rooms, uniq_menkaure, uniq_eustachio

Skill      XL: |  1  2  3  4  5  6 |
---------------+-------------------+-----
Stealth        | 6 8 9 |  9.1
Short Blades   | 3 |  3.3
Throwing       | 3 |  3.0
Fighting       | |  2.6
Dodging        | |  1.7

Action                   |  1- 3 |  4- 6 || total
-------------------------+-------+-------++-------
Melee: Dagger            |    45 |   104 ||   149
       Constrict         |     7 |    21 ||    28
       Tentacles         |     8 |    15 ||    23
Throw: Dart              |     8 |     1 ||     9
  Use: Scroll            |       |     3 ||     3
 Stab: Sleeping          |    12 |    11 ||    23
       Distracted        |       |     2 ||     2
Armor: Skin              |     4 |     2 ||     6
Dodge: Dodged            |    11 |    56 ||    67

Table legend: (Time is in decaauts)
 A = Elapsed time spent in this place.
 B = Non-inter-level travel time spent in this place.
 C = Inter-level travel time spent in this place.
 D = Time resting spent in this place.
 E = Time spent auto-exploring this place.
 F = Levels seen in this place.
 G = Mean time per level.
                   A        B        C        D        E       F      G
               +--------+--------+--------+--------+--------+-----+--------+
         Total |   3581 |   3560 |     21 |    454 |   2462 |   4 |  895.2 |
       Dungeon |   3581 |   3560 |     21 |    454 |   2462 |   4 |  895.2 |
               +--------+--------+--------+--------+--------+-----+--------+

Top non-repeatable levels by time:
     D:2: 1362 daAuts
     D:1: 927 daAuts
     D:3: 865 daAuts
     D:4: 426 daAuts
